 Dungeon Crawl Stone Soup version 0.28-a0-445-g51f8dfeb47 (webtiles) character file.

Game seed: 7633820863638712994

20 Raymar the Cudgeller (level 3, 26/26 HPs)
             Began as a Human Wanderer on Sept 13, 2021.
             Quit the game on level 1 of the Dungeon on Sept 23, 2022.
             The game lasted 00:03:23 (510 turns).

Raymar the Cudgeller (Human Wanderer)                Turns: 510, Time: 00:03:24

Health: 26/26      AC:  5    Str: 12    XL:     3   Next: 0%
Magic:  3/3        EV: 10    Int: 11    God:
Gold:   15         SH:  0    Dex: 14    Spells: 2/2 levels left

rFire   . . .      SeeInvis .   d - +2 short sword (distort)
rCold   . . .      Faith    .   (no shield)
rNeg    . . .      Spirit   .   b - +0 ring mail
rPois   .          Reflect  .   (no helmet)
rElec   .          Harm     .   (no cloak)
rCorr   .          Rampage  .   (no gloves)
Will    .....                   (no boots)
Stlth   +.........              (no amulet)
HPRegen 0.08/turn               (no ring)
MPRegen 0.08/turn               (no ring)

@: no status effects
A: no striking features
a: no special abilities


You were on level 1 of the Dungeon.
You visited 1 branch of the dungeon, and saw 1 of its levels.

You collected 15 gold pieces.

Inventory:

Hand Weapons
 a - a +2 spear
 d - a +2 short sword of distortion (weapon)
Armour
 b - a +0 ring mail (worn)
Miscellaneous
 c - a piece from Xom's chessboard (15/15) (quivered)


   Skills:
 * Level 1.4 Fighting
 + Level 2.4 Maces & Flails
 + Level 2.2 Polearms
 - Level 1.0 Throwing
 + Level 2.3 Armour
 - Level 1.0 Stealth
 + Level 1.0 Evocations


You had 2 spell levels left.
You didn't know any spells.
Your spell library was empty.

Dungeon Overview and Level Annotations

Branches:
Dungeon (1/15)

Altars:


Message History

The endoplasm jiggles.
The kobold throws a stone.
The stone barely misses you.
The ball python bites you but does no damage.
The ball python closely misses you.
You hit the ball python.
You kill the ball python!
The endoplasm hits you but does no damage.
You hit the endoplasm.
The endoplasm is lightly wounded.
The endoplasm blinks!
You hit the goblin.
You kill the goblin!
You hit the kobold.
Space bends around the kobold.
You kill the kobold!
The endoplasm hits you but does no damage.
You hit the endoplasm.
Space warps horribly around the endoplasm!!
You kill the endoplasm!
You see here a +0 dagger.
Things that are here:
a +0 dagger; a stone; a kobold corpse A rat comes into view.
You see here a ball python corpse.
A rat is nearby!
Found a stone staircase leading down.
The rat closely misses you.
You barely miss the rat. The rat bites you but does no damage.
A rat is nearby!
You barely miss the rat. The rat barely misses you.
You closely miss the rat. The rat closely misses you.
You hit the rat.
You kill the rat!
You have reached level 3!
Your experience leads to an increase in your attributes!
Increase (S)trength, (I)ntelligence, or (D)exterity?
You feel stronger.
You see here a rat corpse.
Welcome back, Raymar the Human Wanderer.
Press ? for a list of commands and other information.
Are you sure you want to abandon this character and quit the game? (Confirm with "yes".)

.#K#...#########.
####...# .# .##....# .#
.##..#.# .# ##...#.# .#
...###.##########.# .
..................# ...
########..........#.....
########........@.......
.........(..)....##.....
########....†....# ...
######..### . ...##
...## .... ..>. ...


There were no monsters in sight!

Vanquished Creatures
  2 endoplasms (D:1)
  2 giant cockroaches (D:1)
  A goblin (D:1)
  3 hobgoblins (D:1)
  3 kobolds (D:1)
  A quokka (D:1)
  A ball python (D:1)
  3 frilled lizards (D:1)
  2 rats (D:1)
18 creatures vanquished.

Notes
Turn   | Place    | Note
-------+----------+-------------------------------------------
     0 | D:1      | Raymar the Human Wanderer began the quest for the Orb.
     0 | D:1      | Raymar set off with the following items: a +2 spear, a +0
                  | ring mail, a piece from Xom's chessboard (15/15)
     0 | D:1      | Reached XP level 1. HP: 15/15 MP: 1/1
   376 | D:1      | Reached XP level 2. HP: 21/21 MP: 2/2
   509 | D:1      | Reached XP level 3. HP: 26/26 MP: 3/3
   510 | D:1      | Quit the game

Illustrated notes

Levels and vault maps discovered:
D:1:      lordsloth_arrival_two_stooges, layout_rooms,
          hellmonk_ecumenical_altar_heavens_door

Action                   || total
-------------------------++-------
Melee: Spear             ||    15
       Short sword       ||    22
  Use: Scroll            ||     1
Armor: Ring mail         ||    18
Dodge: Dodged            ||    22

Table legend: (Time is in decaauts)
 A = Elapsed time spent in this place.
 B = Non-inter-level travel time spent in this place.
 C = Inter-level travel time spent in this place.
 D = Time resting spent in this place.
 E = Time spent auto-exploring this place.
 F = Levels seen in this place.
 G = Mean time per level.
                   A        B        C        D        E       F      G
               +--------+--------+--------+--------+--------+-----+--------+
         Total |    511 |    511 |      0 |    273 |     79 |   1 |  511.0 |
       Dungeon |    511 |    511 |      0 |    273 |     79 |   1 |  511.0 |
               +--------+--------+--------+--------+--------+-----+--------+

Top non-repeatable levels by time:
     D:1: 511 daAuts
